 Dungeon Crawl Stone Soup version 0.22-a0-445-g8c8ef71 (webtiles) character file.

19583 4thArraOfDagon the Martial Artist (level 13, -4/79 HPs)
             Began as a Halfling Monk on June 2, 2018.
             Was a High Priest of the Shining One.
             Blown up by Nessos the eye of devastation (13 damage)
             ... with a bolt of energy
             ... on level 13 of the Dungeon.
             The game lasted 00:30:58 (7077 turns).

4thArraOfDagon the Martial Artist (Halfling Monk)   Turns: 7077, Time: 00:30:58

Health: -4/79      AC: 11    Str: 12    XL:     13   Next: 5%
Magic:  22/22      EV: 19    Int: 12    God:    the Shining One [*****.]
Gold:   479        SH:  0    Dex: 18    Spells: 10/24 levels left

rFire    . . .     SeeInvis .     - Unarmed
rCold    . . .     Gourm    .   (shield restricted)
rNeg     + + .     Faith    .   a - +0 robe
rPois    +         Spirit   .   F - +1 helmet
rElec    .         Reflect  .   (no cloak)
rCorr    .         Harm     .   w - +1 pair of gloves
MR       .....                  k - +2 pair of boots {Stlth+}
Stlth    ++........             (no amulet)
HPRegen  0.23/turn              p - ring of poison resistance
MPRegen  0.18/turn              (no ring)

@: glowing
A: small, iridescent scales 1, mutation resistance 1, sense surroundings 1
a: Divine Shield, Cleansing Flame, Summon Divine Warrior, Renounce Religion


You were on level 13 of the Dungeon.
You worshipped the Shining One.
The Shining One was extremely pleased with you.
You were not hungry.

You visited 1 branch of the dungeon, and saw 13 of its levels.

You collected 479 gold pieces.

Inventory:

Missiles
 c - a throwing net (quivered)
Armour
 a - a +0 robe (worn)
 d - a +0 pair of gloves
 g - a +0 pair of boots
 k - a +2 pair of boots of stealth (worn)
 l - a +0 scale mail
 m - a +1 helmet
 t - a +1 hat
 w - a +1 pair of gloves (worn)
 F - a +1 helmet (worn)
Magical Staves
 H - an uncursed staff of summoning {!a}
Jewellery
 p - a ring of poison resistance (left hand)
Wands
 f - a wand of digging (12)
 o - a wand of polymorph (8)
 v - a wand of iceblast (3)
 C - a wand of scattershot (6)
 G - a wand of acid (11)
Scrolls
 e - 8 scrolls of remove curse
 h - 2 scrolls of blinking
 i - 4 scrolls of amnesia
 j - 3 scrolls of enchant armour
 n - a scroll of fog
 x - a scroll of teleportation
 y - a scroll of random uselessness
 E - a scroll of identify
Potions
 q - a potion of degeneration
 r - 3 potions of invisibility
 u - a potion of brilliance
 z - a potion of mutation
 A - a potion of cancellation
 B - a potion of lignification
 D - a potion of curing
 I - a potion of heal wounds
 J - a potion of flight
Comestibles
 b - 13 rations
 s - 2 chunks of flesh


   Skills:
 + Level 4.3 Fighting
 + Level 6.6 Dodging
 - Level 2.1 Stealth
 * Level 11.3 Unarmed Combat
 - Level 6.1 Spellcasting
 - Level 8.1 Transmutations
 + Level 4.8 Invocations


You had 10 spell levels left.
You knew the following spells:

 Your Spells              Type           Power        Failure   Level  Hunger
a - Blade Hands           Tmut           ###.......   19%         5    ######.
b - Ice Form              Ice/Tmut       ##......     32%         4    ####...
c - Lee's Rapid Deconstr  Erth           #.........   99%         5    ######.

Your spell library contained the following spells:

 Spells                   Type           Power        Failure   Level  Hunger
 Lightning Bolt           Conj/Air       #.........   99%         5    ######.
 Bolt of Magma            Conj/Fire/Erth #.........   99%         5    ######.
 Venom Bolt               Conj/Pois      #.........   99%         5    ######.
 Summon Ice Beast         Ice/Summ       #.......     87%         4    ####...
 Iron Shot                Conj/Erth      #.........   100%        6    #######
 Stone Arrow              Conj/Erth      #.....       47%         3    ###....
 Shock                    Conj/Air       #...         19%         1    None
 Swiftness                Chrm/Air       #.......     26%         2    ##.....
 Spider Form              Tmut/Pois      ##........   10%         3    ###....
 Airstrike                Air            #.........   87%         4    ####...
 Passwall                 Tmut/Erth      ##......     4%          2    ##.....
 Sticks to Snakes         Tmut           ###.....     1%          2    ##.....
 Call Canine Familiar     Summ           #.......     47%         3    ###....
 Summon Butterflies       Summ           #.......     19%         1    None
 Static Discharge         Conj/Air       #.......     47%         3    ###....
 Sandblast                Erth           #.....       19%         1    None
 Petrify                  Tmut/Erth      ##......     32%         4    ####...
 Orb of Destruction       Conj           #.........   100%        7    #######
 Summon Hydra             Summ           #.........   100%        7    #######
 Beastly Appendage        Tmut           ###...       1%          1    None
 Iskenderun's Battlesphe  Conj/Chrm      #.......     99%         5    ######.
 Spellforged Servitor     Conj/Summ      #.........   100%        7    #######
 Summon Mana Viper        Hex/Summ       #.......     99%         5    ######.


Dungeon Overview and Level Annotations

Branches:
Dungeon (13/15)            Temple (0/1) D:6            Lair (0/6) D:11
    Orc (0/2) D:12
 Vaults: D:13-14

Altars:
Dithmenos
Fedhas
Gozag
Hepliaklqana
Uskayaw
Vehumet
The Shining One

Annotations:
D:3 1 exclusion
D:6 Menkaure
D:11 4thArraOfDagon's ghost, journeyman HaMo; Erolcha
D:13 Nessos


Innate Abilities, Weirdness & Mutations

You are small and have problems with some larger weapons.
You are somewhat resistant to further mutation.
You are partially covered in iridescent scales. (AC +2)
You passively map a small area around you.


Message History

The arrow burns you.
* * * LOW HITPOINT WARNING * * *
An orc wizard comes into view. It is wielding a dagger.
Unknown command.
Evoke which item? (* to show all) (? for menu, Esc to quit)
Aiming: Polymorph
Press: ? - help, Shift-Dir - straight line, f/p - Nessos
Aim: Nessos, wielding a longbow of flaming and wearing a centaur barding (chance to defeat MR: 46%) Nessos evaporates and reforms as an eye of devastation!
Unknown command.
Your hands revert to their normal proportions.
Your +1 pair of gloves unmelds from your body.
Unknown command.
Unknown command.
Unknown command.
There is a stone staircase leading down here.
Unknown command.
Nessos gazes at you. The bolt of energy hits you!
You die...

#......# #.........
#......######......... ,,
#.....#............... ,
#.....#...............
#.....#............... *,
,#.....#......#########
,#######'#####(..(..#........
....G........####)##.......#
.)....o((..@.#....#........#
,.............#....##......)#
,
,.............#....##.......#
,.............#.............(
**
######.......#######.......#
#....#.......#....##.......#
*
#....'.......#.....#........
#....#.......#....##.......#
#....#.......#....##.......#


You could see Nessos the eye of devastation and an orc wizard.

Vanquished Creatures
  Kirke (D:13)
  Harold (D:12)
  2 tengu warriors
  4 two-headed ogres
  3 ugly things
  A manticore (D:12)
  2 cyclopes (D:13)
  Joseph (D:7)
  2 centaur skeletons
  A komodo dragon (D:12)
  3 trolls
  2 hippogriffs (D:8)
  12 yaks
  A shadow (D:11)
  A wraith (D:8)
  2 wyverns
  A hog (D:13)
  A hungry ghost (D:8)
  A warg (D:11)
  2 ice beasts
  9 orc warriors
  A black bear (D:10)
  A sky beast (D:10)
  8 ogres
  2 eyes of draining
  6 centaurs
  6 bullfrogs
  A wyvern skeleton (D:9)
  9 scorpions
  14 killer bees
  11 wights
  A howler monkey (D:4)
  6 crimson imps
  3 centaur zombies
  4 jellies
  A bullfrog zombie (D:12)
  2 orc priests (D:12)
  10 hounds
  10 orc wizards
  Natasha (twice) (D:3)
  A bullfrog skeleton (D:8)
  2 iguanas
  4 worker ants
  A worker ant zombie (D:6)
  5 adders
  3 gnolls (D:5)
  A howler monkey skeleton (D:10)
  4 shadow imps
  An adder zombie (D:9)
  5 leopard geckos
  45 orcs
  2 bats (D:3)
  3 giant cockroaches
  2 hobgoblins
  11 jackals
  4 quokkas
  A ball python (D:4)
  6 frilled lizards
  A jackal zombie (D:6)
  A kobold (D:3)
  2 rats
256 creatures vanquished.

Vanquished Creatures (others)
  A human (D:13)
1 creature vanquished.

Grand Total: 257 creatures vanquished

Notes
Turn   | Place    | Note
-------+----------+-------------------------------------------
     0 | D:1      | 4thArraOfDagon the Halfling Monk began the quest for the Orb.
     0 | D:1      | Reached XP level 1. HP: 15/15 MP: 1/1
     1 | D:1      | Noticed a vine stalker
     2 | D:1      | Noticed a ghoul
     3 | D:1      | 4thArraOfDagon: !lg * killer=vine_stalker
     3 | D:1      | XtahuaRules: No games for * (killer=vine_stalker).
     3 | D:1      | 4thArraOfDagon: !lg * killer=vine stalker
     3 | D:1      | XtahuaRules: No games for * (killer=vine stalker).
     3 | D:1      | 4thArraOfDagon: !lg * killer=bat
     3 | D:1      | XtahuaRules: 52062. MrBlue0 the Sneak (L1 SpEn), slain by a bat on D:1 on 2018-06-02 05:20:39, with 4 points after 76 turns and 0:00:30.
     4 | D:1      | Noticed an ogre
     6 | D:1      | Noticed a merfolk
     6 | D:1      | Noticed a centaur
     8 | D:1      | Noticed a formicid
     8 | D:1      | Noticed a demigod
    10 | D:1      | Noticed a spriggan
    10 | D:1      | Noticed a minotaur
    12 | D:1      | Noticed a draconian
    12 | D:1      | Noticed an elf
    14 | D:1      | Noticed an octopode
    16 | D:1      | Noticed a felid
    18 | D:1      | Noticed a gargoyle
    18 | D:1      | Noticed a human
    21 | D:1      | Noticed a tengu
    23 | D:1      | 4thArraOfDagon: !lg * killer=demigod
    23 | D:1      | XtahuaRules: 1. squarelos the Charlatan (L1 SpAr), slain by a demigod on D:1 (kb_entry_jail) on 2011-05-16 20:15:44, with 20 points after 53 turns and 0:01:40.
    23 | D:1      | Noticed a naga
    23 | D:1      | Noticed a vampire
    25 | D:1      | Noticed a halfling
    25 | D:1      | Noticed a dwarf
    27 | D:1      | 4thArraOfDagon: !lg killer=halfling
    27 | D:1      | XtahuaRules: No games for 4thArraOfDagon (killer=halfling).
    27 | D:1      | Noticed a demonspawn
    27 | D:1      | Noticed a troll
    28 | D:1      | 4thArraOfDagon: !lg * killer=halfling
    28 | D:1      | XtahuaRules: 74. Raise the Chucker (L2 OgHu), slain by a halfling on D:1 (lexackson_kobold_supper) on 2015-05-10 02:52:52, with 83 points after 283 turns and 0:01:56.
   296 | D:3      | Found a glowing golden altar of the Shining One.
   300 | D:3      | Became a worshipper of the Shining One
   300 | D:3      | Reached * piety under the Shining One
   300 | D:3      | Reached ** piety under the Shining One
   313 | D:3      | Reached XP level 2. HP: 19/20 MP: 2/2
   338 | D:3      | Found a hazy altar of Hepliaklqana.
   339 | D:3      | Noticed Natasha
   345 | D:3      | Noticed a crimson imp
   347 | D:3      | Noticed a crimson imp
   352 | D:3      | Killed Natasha
   352 | D:3      | Reached XP level 3. HP: 20/26 MP: 1/3
   416 | D:3      | Noticed a hand axe
   417 | D:3      | Noticed a dagger
   418 | D:3      | Found a hide-covered altar of Uskayaw.
   439 | D:3      | Reached skill level 3 in Unarmed Combat
   439 | D:3      | Reached skill level 1 in Invocations
   494 | D:3      | Noticed Natasha
   508 | D:3      | The Shining One protects you from harm!
   509 | D:3      | The Shining One protects you from harm!
   510 | D:3      | Killed Natasha
   510 | D:3      | Reached XP level 4. HP: 9/31 MP: 0/5
   513 | D:3      | Found a radiant altar of Vehumet.
   522 | D:4      | Noticed an ogre
   689 | D:3      | Noticed a centaur
   713 | D:3      | Killed a centaur
   713 | D:3      | Reached XP level 5. HP: 7/36 MP: 2/6
   942 | D:5      | Entered Level 5 of the Dungeon
  1002 | D:5      | Reached XP level 6. HP: 34/42 MP: 7/7
  1016 | D:5      | Found a blossoming altar of Fedhas.
  1070 | D:5      | Reached skill level 4 in Unarmed Combat
  1132 | D:4      | Learned a level 5 spell: Blade Hands
  1202 | D:4      | Killed an ogre
  1202 | D:4      | Reached XP level 7. HP: 41/46 MP: 5/9
  1404 | D:4      | Reached skill level 1 in Transmutations
  1410 | D:4      | Reached skill level 5 in Dodging
  1499 | D:5      | Reached skill level 1 in Spellcasting
  1737 | D:5      | Reached skill level 5 in Unarmed Combat
  1747 | D:5      | HP: 2/46 [scorpion (4)]
  1748 | D:5      | Reached XP level 8. HP: 2/52 MP: 1/10
  2171 | D:6      | Noticed Menkaure
  2342 | D:6      | Gained mutation: You passively map a small area around you. [potion of mutation]
  2342 | D:6      | Gained mutation: You are partially covered in iridescent scales. (AC +2) [potion of mutation]
  2402 | D:6      | Found an opulent altar of Gozag.
  2450 | D:6      | Found a staircase to the Ecumenical Temple.
  2518 | D:6      | Reached skill level 6 in Unarmed Combat
  2518 | D:6      | Reached XP level 9. HP: 56/56 MP: 9/12
  2723 | D:7      | Noticed Joseph
  2957 | D:7      | Killed Joseph
  3140 | D:7      | Reached skill level 7 in Unarmed Combat
  3320 | D:8      | Noticed a hippogriff
  3335 | D:8      | Killed a hippogriff
  3335 | D:8      | Reached XP level 10. HP: 39/63 MP: 10/15
  3429 | D:8      | Noticed a green ugly thing
  3438 | D:8      | Reached skill level 5 in Transmutations
  3464 | D:8      | Killed a green ugly thing
  3464 | D:8      | Reached skill level 8 in Unarmed Combat
  3845 | D:9      | Learned a level 4 spell: Ice Form
  3851 | D:9      | Learned a level 5 spell: Lee's Rapid Deconstruction
  4183 | D:9      | Found a shadowy altar of Dithmenos.
  4223 | D:9      | Noticed a two-headed ogre
  4242 | D:9      | Killed a two-headed ogre
  4242 | D:9      | Reached XP level 11. HP: 43/67 MP: 11/18
  4340 | D:10     | Entered Level 10 of the Dungeon
  4362 | D:10     | Reached *** piety under the Shining One
  4378 | D:10     | Reached skill level 9 in Unarmed Combat
  4685 | D:10     | Reached skill level 5 in Spellcasting
  5080 | D:11     | Noticed a two-headed ogre
  5089 | D:11     | Killed a two-headed ogre
  5111 | D:11     | Noticed a two-headed ogre
  5118 | D:11     | Killed a two-headed ogre
  5220 | D:11     | Noticed 4thArraOfDagon's ghost (journeyman HaMo)
  5466 | D:11     | Found a staircase to the Lair.
  5466 | D:11     | Noticed Erolcha
  5707 | D:12     | Reached **** piety under the Shining One
  5718 | D:12     | Reached skill level 10 in Unarmed Combat
  5770 | D:12     | Noticed a seven-headed hydra
  5807 | D:12     | Reached XP level 12. HP: 31/72 MP: 11/20
  5887 | D:11     | Noticed a two-headed ogre
  5894 | D:11     | Killed a two-headed ogre
  6005 | D:12     | Noticed Harold
  6015 | D:12     | Killed Harold
  6113 | D:12     | Noticed a tengu warrior
  6113 | D:12     | Noticed a tengu warrior
  6123 | D:12     | Killed a tengu warrior
  6299 | D:13     | Noticed Kirke
  6326 | D:13     | Killed Kirke
  6412 | D:13     | Reached skill level 11 in Unarmed Combat
  6428 | D:12     | HP: 2/74 [seven-headed hydra (14)]
  6600 | D:12     | Found a staircase to the Orcish Mines.
  6915 | D:13     | Reached XP level 13. HP: 41/79 MP: 16/22
  7035 | D:13     | Reached ***** piety under the Shining One
  7069 | D:13     | Noticed Nessos
  7072 | D:13     | Noticed Nessos
  7072 | D:13     | Nessos changed into Nessos the eye of devastation
  7077 | D:13     | Blown up by Nessos the eye of devastation

Vault maps used:
D:1:      kb_arrival_jail, kennysheep_small_spiral
D:2:      led_sif_pool, chequers_ecumenical_altar_simple_redux, first_ration
D:3:      dancing_weapons_uskayaw, fiery_altar_vehumet, lemuel_round_altar,
          nicolae_overflow_crystal_walls, nicolae_tso_carved_into_rock,
          uniq_grinder, uniq_natasha
D:4:      minmay_fountain_box, minivault_23
D:5:      fedhas_altar_1, nicolae_ashenzari_panopticon
D:6:      kennysheep_mini_moat, temple_doors_e, uniq_menkaure
D:7:      serial_shops, kennysheep_little_box, uniq_joseph,
          uniq_crazy_yiuf_cottage
D:8:      minmay_bloctagon_deflated, uniq_erica
D:9:      lemuel_doored_altar
D:11:     erik_lair_orcish_takeover, uniq_erolcha
D:12:     grunt_pizzeria, uniq_harold
D:13:     uniq_nessos, uniq_kirke

Skill      XL: |  1  2  3  4  5  6  7  8  9 10 11 12 |
---------------+-------------------------------------+-----
Fighting       | 3 4 |  4.3
Unarmed Combat | 3 4 5 6 7 8 10 11 | 11.3
Invocations    | 1 2 3 4 |  4.8
Dodging        | 4 5 6 |  6.6
Transmutations | 1 3 4 6 7 8 |  8.1
Spellcasting   | 1 2 3 4 5 6 |  6.1
Stealth        | |  2.1

Action                   |  1- 3 |  4- 6 |  7- 9 | 10-12 | 13-15 || total
-------------------------+-------+-------+-------+-------+-------++-------
Melee: Unarmed           |    68 |   146 |   371 |   580 |     8 ||  1173
       Punch             |       |     4 |    12 |    20 |     1 ||    37
 Cast: Blade Hands       |       |       |       |    33 |     1 ||    34
Invok: Divine Shield     |       |     1 |     7 |     3 |       ||    11
 Abil: End Transformatio |       |       |       |     3 |       ||     3
Evoke: Wand              |       |       |     1 |     6 |     3 ||    10
  Use: Potion            |     2 |     1 |     4 |     4 |       ||    11
       Scroll            |       |       |    10 |    11 |     1 ||    22
 Stab: Sleeping          |     2 |       |       |       |       ||     2
  Eat: Chunk             |       |     1 |     9 |    21 |     2 ||    33
       Ration            |       |       |       |     3 |       ||     3
Armor: Skin              |     4 |       |       |    10 |       ||    14
       Scale mail        |     4 |    45 |   118 |    46 |       ||   213
       Robe              |       |       |       |    76 |     1 ||    77
Dodge: Dodged            |    37 |   100 |   211 |   380 |     9 ||   737
Block: Shield            |     6 |       |       |       |       ||     6
       Other             |       |     1 |    40 |     2 |       ||    43

Table legend:
 A = Spawn XP
 B = Non-spawn XP
 C = Spawn XP percentage of total XP
 D = Spawn monster count
 E = Non-spawn monster count
 F = Spawn count percentage of total count
 G = Total turns spent on level
                    A         B        C        D         E        F      G
               +---------+---------+-------+---------+---------+-------+---------
         Total |       0 |   27976 |   0.0 |       0 |     256 |   0.0 |  7077
               +---------+---------+-------+---------+---------+-------+---------
           D:1 |       0 |       4 |   0.0 |       0 |       3 |   0.0 |   189
           D:2 |       0 |       8 |   0.0 |       0 |       6 |   0.0 |   247
           D:3 |       0 |     232 |   0.0 |       0 |      16 |   0.0 |   475
           D:4 |       0 |     386 |   0.0 |       0 |      13 |   0.0 |   534
           D:5 |       0 |     678 |   0.0 |       0 |      22 |   0.0 |   657
           D:6 |       0 |     693 |   0.0 |       0 |      11 |   0.0 |   589
           D:7 |       0 |    1372 |   0.0 |       0 |      19 |   0.0 |   515
           D:8 |       0 |    2415 |   0.0 |       0 |      21 |   0.0 |   547
           D:9 |       0 |    2552 |   0.0 |       0 |      24 |   0.0 |   587
          D:10 |       0 |    2665 |   0.0 |       0 |      36 |   0.0 |   911
          D:11 |       0 |    5543 |   0.0 |       0 |      35 |   0.0 |   538
          D:12 |       0 |    5382 |   0.0 |       0 |      36 |   0.0 |   777
          D:13 |       0 |    6046 |   0.0 |       0 |      14 |   0.0 |   511
               +---------+---------+-------+---------+---------+-------+---------
